[Event "Women Accentus DAQ Blitz 2022"]
[Site "Biel"]
[Date "2022.07.17"]
[Round "11.1"]
[White "Ciarletta, Iris"]
[Black "Cornileau, Juliette"]
[Result "1-0"]
[ECO "E51"]
[WhiteElo "1717"]
[BlackElo "1900"]
[Annotator "TA"]
[PlyCount "117"]
[EventDate "2022.07.17"]
[EventType "tourn"]
[EventCountry "SUI"]
[SourceTitle "playchess.com"]
[Source "ChessBase"]
[SourceQuality "1"]
[TimeControl "180+2"]

1. d4 Nf6 2. c4 e6 3. Nc3 Bb4 4. Bd2 d5 5. Nf3 c5 6. cxd5 exd5 7. e3 O-O 8. dxc5 Bxc5 9. Be2 Nc6 10. O-O {[%emt 0:00:03] E51: Nimzo-Indian: Rubinstein: 4...0-0 5 Nf3 d5.} d4 11. exd4 Nxd4 12. Nxd4 {[%emt 0:00:07] The position is equal.} Bxd4 {[%emt 0:00:01] [#]} 13. Nb5 $146 (13. Bf4 $11) ({Predecessor:} 13. Qc2 Re8 14. Bf3 Rb8 15. Rad1 Qc7 16. Qb3 Be6 17. Nd5 Qd6 18. Bf4 Bxd5 19. Bxd6 Bxf2+ 20. Rxf2 Bxb3 21. axb3 Rbd8 22. Bb4 Rxd1+ 23. Bxd1 Re1+ 24. Bxe1 {1-0 (24) Aliyarli,S (1208)-Loubieres,F (1703) Europe Echecs INT 2021}) 13... Bb6 (13... Bxb2 $17 14. Rb1 Be5) 14. Bf3 Qd3 15. Nc3 Qg6 16. Bf4 Bg4 17. Bxg4 Nxg4 18. h3 ({Better is} 18. Nd5 $11 Qe4 19. Nxb6 Qxf4 20. g3) 18... Nh6 (18... Nxf2 $1 $15 {keeps the upper hand.} 19. Rxf2 Bxf2+ 20. Kxf2 Qb6+ 21. Kg3 Qxb2) 19. Qf3 $16 Nf5 20. Qxb7 Rac8 21. Qf3 (21. Nd5 $16) 21... Nd4 $11 22. Qg4 (22. Qd1 $1 $11) 22... Qxg4 $17 23. hxg4 {[%emt 0:00:01] [#]} Rxc3 $1 {[%emt 0:00:01][%mdl 576] Remove Defender} 24. bxc3 Ne2+ 25. Kh2 Nxf4 26. f3 (26. a4 $17) 26... g6 27. Rfe1 {[%emt 0:00:03] [#]} Rc8 $1 28. Re4 {[%emt 0:00:08] [#]} Bc7 ({Black should try} 28... Rxc3 $1 $19 29. Rxf4 Bc7) 29. g3 Ne6 30. Rd1 (30. Ree1 $17) 30... Ng5 31. Re3 Bb6 32. Red3 Kg7 (32... Re8 $19 {Hoping for ...Re2+.} 33. R1d2 Re1) 33. Re1 (33. Kg2 $17) 33... Ne6 (33... Rd8 $19 34. Rxd8 Nxf3+ 35. Kh3 Bxd8) 34. f4 h5 (34... h6 $19 {and Black stays clearly on top. ...Rc4 is the strong threat.} 35. Rd7 Kg8) 35. gxh5 Rh8 (35... gxh5 $17 36. Rd7 Kg8) 36. Kg2 (36. Re5 $1 $11 {keeps the balance.}) 36... Rxh5 37. Rd7 {[%emt 0:00:04] aiming for Rxe6.} Ra5 $2 {[%emt 0:00:04][%mdl 8192] This costs Black the game.} 38. Rxe6 $1 $18 Rxa2+ {[%emt 0:00:01][%mdl 4096] Endgame KRR-KRB} 39. Kh3 Ra1 (39... Ra5 $142 40. Kg4 Rf5) 40. Ree7 Rh1+ 41. Kg4 Kg8 42. Rxf7 Re1 43. Rg7+ (43. Kg5 $142 Re6 44. Rg7+ Kf8 45. Rxg6) 43... Kh8 44. Rxg6 Bf2 45. Kf3 Bb6 46. Rc6 Re3+ 47. Kg4 Re8 48. c4 Rg8+ 49. Kf3 Re8 50. Rb7 Bd4 51. f5 a5 52. Rd6 Bc5 53. Rd5 Bb4 54. f6 Rf8 55. Kg4 Rxf6 56. Rd8+ Bf8 57. Rb5 (57. Kg5 $142 Rf3 58. g4 a4 59. c5 a3 60. c6 a2 61. Ra7 a1=Q 62. Rxa1) 57... Rg6+ 58. Rg5 Rxg5+ 59. Kxg5 {Weighted Error Value: White=0.33/Black=0.84} 1-0

[Event "Women Accentus DAQ Blitz 2022"]
[Site "Biel"]
[Date "2022.07.17"]
[Round "11.2"]
[White "Moracchini, Margaux"]
[Black "Tamrazyan, Gohar"]
[Result "1/2-1/2"]
[ECO "B22"]
[WhiteElo "1937"]
[BlackElo "1916"]
[Annotator "TA"]
[PlyCount "129"]
[EventDate "2022.07.17"]
[EventType "tourn"]
[EventCountry "SUI"]
[SourceTitle "playchess.com"]
[Source "ChessBase"]
[SourceQuality "1"]
[TimeControl "180+2"]

1. e4 c5 2. c3 d5 3. exd5 Qxd5 4. d4 Nc6 5. Nf3 Bg4 6. Be2 cxd4 7. cxd4 e6 8. Nc3 Qa5 9. O-O Nf6 10. h3 Bh5 11. Be3 Be7 12. Qb3 {[%emt 0:00:05] B22: Sicilian: 2 c3.} Qb4 13. Qc2 O-O 14. a3 {[%emt 0:00:01] The position is equal.} Qa5 15. b4 Qd8 16. Rfd1 Nd5 17. Nxd5 {[%emt 0:00:14] [#]} Qxd5 $146 ({Predecessor:} 17... exd5 18. Ne5 Bxe2 19. Qxe2 Rc8 20. Qb5 f6 21. Nd3 Rc7 22. Nf4 a6 23. Qxd5+ Qxd5 24. Nxd5 {1-0 (34) Ljubicic,F (2406)-Hofbauer,K (2009) Pula 2009}) 18. Bc4 Qd6 ({Don't take} 18... Bg6 19. Qb3 Qf5 20. d5 exd5 21. Bxd5 $14 (21. Rxd5 Qc8 $14)) 19. d5 $36 {[%emt 0:00:28][%mdl 2048] Keeping Black busy.} Bxf3 20. gxf3 Ne5 21. dxe6 Nxf3+ (21... Qc6 $1 $14 22. exf7+ Kh8) 22. Kg2 {[%emt 0:00:01] Active counter play!} (22. Kf1 $1 $16 Qc6 23. exf7+ Kh8 24. Bb3) 22... Nh4+ $11 (22... Qh2+ $2 23. Kxf3 fxe6+ 24. Ke2 $18) 23. Kf1 Qh2 (23... Qc6 $1 $11 24. exf7+ Kh8) 24. exf7+ $16 ({And not} 24. Qe4 f5 25. Qxb7 f4 $17) 24... Kh8 {[%emt 0:00:02] aiming for ...Qh1+.} (24... Rxf7 $2 25. Bxf7+ Kxf7 26. Qc4+ (26. Qxh7 Qxh3+ 27. Ke2 Qf3+ 28. Kf1 Qh1+ 29. Ke2 Qf3+ 30. Kf1 Nf5 $15) 26... Kf8 27. Qg4 $18) 25. Qe4 {[%emt 0:00:08][%csl LRb7,LRe7] Inhibits Qh1+.} Qxh3+ 26. Ke2 Bf6 $2 (26... Nf5 $16) 27. Rh1 Qf5 {[%emt 0:00:13] [#]} 28. Qxf5 {[%emt 0:00:15] Really sharp!} (28. Rxh4 $1 $18 Qxe4 29. Rxe4 Bxa1 30. Bc5) 28... Nxf5 29. Rad1 Nxe3 30. fxe3 a6 (30... g6 $16) 31. Rd7 b5 $2 (31... g6 32. Rxb7 Kg7) 32. Bb3 $2 (32. Bd3 $18 h6 33. Bg6) 32... h6 ({Black should try} 32... g6 $1 $14) 33. Rhd1 {[%emt 0:00:06] R1d6 is the strong threat.} Kh7 (33... g5 {might work better.} 34. Kf3 Kg7) 34. Bc2+ (34. R1d6 $142) 34... g6 $18 35. R1d6 (35. Rg1 $142 $1 Bg5 36. Rd6) 35... Kg7 $16 36. Bb3 g5 (36... h5 $16 {was called for.}) 37. Rc6 $18 Rfd8 $2 (37... Rad8 $18 38. Rb7 Rb8) 38. Rdd6 $2 (38. f8=Q+ {mates} Kxf8 39. Rxf6+ Ke8 40. Rg7 Rd2+ 41. Kxd2 Rd8+ 42. Ke2 Rd7 43. Rg8+ Ke7 44. Re6+ Kf7 45. Rxh6+ Ke7 46. Be6) 38... Rxd6 $11 39. Rxd6 {[%emt 0:00:01][%mdl 4096] Endgame KRB-KRB} Be7 40. Rc6 Bf8 41. Kf3 a5 {[%emt 0:00:00] [#]} (41... Rd8 $11) 42. Rb6 ({White has to play} 42. Kg4 $1 $16 {[%cal Rg4h5] Strongly threatening Kh5.} a4 43. Bd5) 42... axb4 43. axb4 Bxb4 44. Rxb5 Bf8 45. Bd5 Ra3 46. Rb7 Bc5 47. Rb3 Ra7 48. Kg4 Re7 49. e4 {[%emt 0:00:01] Hoping for Rb8.} Rd7 {[%emt 0:00:06] [#]} (49... Ra7 $11) 50. Rf3 (50. Rb5 $1 $16 Be7 51. Kf5) 50... Kf8 (50... Bf8 $11) 51. Kh5 (51. Rc3 $16 Be7 52. Rc8+ Rd8 53. Rc7) 51... Rd6 $2 (51... Kg7 $1 $11 {and Black has nothing to worry.}) 52. Rf5 (52. Rc3 $18 Bb6 53. Rc8+ Rd8 54. Rc6) 52... Ra6 $14 53. Rf3 ({White should play} 53. e5 $16) 53... Be7 54. Kg4 Rg6 ({Better is} 54... Rf6 $11) 55. Rf5 (55. Rb3 $14 Kg7 56. Rb8) 55... Rf6 $11 56. Rxf6 Bxf6 {[%emt 0:00:01] KB-KB} 57. Kh5 Ke7 58. Kxh6 g4 59. Kh7 g3 $2 (59... Kf8 $11) 60. e5 $2 ({Only move:} 60. Kg8 $18 Kd6 61. f8=Q+ Ke5 62. Qb8+ Kd4 63. Qb6+ Ke5 64. Qb2+ Kf4 65. Qxf6+ Ke3 66. Qc3+ Ke2 67. Be6) 60... Bxe5 $2 (60... g2 $11 61. exf6+ Kf8 62. Bxg2 Kxf7) 61. Kg8 {[%emt 0:00:00] White mates.} g2 62. Bxg2 Bd6 63. f8=Q+ Ke6 64. Qf7+ Ke5 65. Qd5+ {[%emt 0:00:01][%mdl 32768] Weighted Error Value: White=0.60/Black=0.69. An unexpected result.} 1/2-1/2

[Event "Women Accentus DAQ Blitz 2022"]
[Site "Biel"]
[Date "2022.07.17"]
[Round "11.3"]
[White "Sumarriva Paulin, Laura"]
[Black "Zhuang, Yongzhe"]
[Result "1-0"]
[ECO "C54"]
[WhiteElo "1913"]
[BlackElo "1838"]
[Annotator "TA"]
[PlyCount "119"]
[EventDate "2022.07.17"]
[EventType "tourn"]
[EventCountry "SUI"]
[SourceTitle "playchess.com"]
[Source "ChessBase"]
[SourceQuality "1"]
[TimeControl "180+2"]

1. e4 e5 2. Bc4 Nf6 3. d3 Nc6 4. Nf3 Bc5 5. c3 d6 6. b4 Bb6 7. a4 a6 8. O-O O-O 9. Bg5 h6 {[%emt 0:00:02] C54: Giuoco Piano: 4 c3 Nf6, main lines with 5 d4 and 5 d3.} 10. Bh4 Re8 11. Nbd2 Be6 {[%emt 0:00:07] White is slightly better.} 12. Re1 Qe7 13. Nf1 {[%emt 0:00:16] [#]} (13. Rb1 $14) 13... Rad8 $146 (13... Bxc4 $11 14. dxc4 g5) ({Predecessor:} 13... Bxc4 14. dxc4 Qe6 15. Qd3 Nh5 16. Bg3 Nf4 17. Bxf4 exf4 18. N1d2 g5 19. a5 Ba7 {1-0 (72) Eken,A (1748)-Inel,C (1593) Konya 2018}) 14. Ng3 (14. a5 $14 Ba7 15. Qd2) 14... g5 $2 {[%emt 0:00:13] [#]} (14... Bxc4 $1 $11 {and Black has nothing to worry.} 15. dxc4 Qe6) 15. Nxg5 $1 $18 hxg5 (15... Bxf2+ 16. Kxf2) 16. Bxg5 Bxc4 $2 (16... Bxf2+ {is a better defense.} 17. Kxf2 Ng4+ 18. Qxg4 Bxg4 19. Bxe7 Nxe7) 17. dxc4 $2 (17. Qf3 $18 Qf8 18. Bxf6 (18. dxc4 Nh7 $16)) 17... Qe6 $14 18. Qf3 Ng4 (18... Nh7 $1 $14 19. Bxd8 Nxd8) 19. Bxd8 $2 ({White has to play} 19. c5 $1 $18 dxc5 20. Nf5 Nxf2 21. Bxd8 Rxd8 22. a5 (22. Qxf2 cxb4 23. Ne3 Rd3 $15)) 19... Bxf2+ $11 (19... Nxd8 $2 20. c5 dxc5 21. a5 $18) 20. Kh1 Bxe1 (20... Nxd8 21. Nf5 $1 Bxe1 22. Qxg4+ Qg6 23. Rxe1 $1 Qxg4 24. Nh6+ Kg7 25. Nxg4 $16) (20... Rxd8 21. Rf1 Bxg3 22. Qxg3 $14) 21. Rxe1 (21. Nf5 $5) 21... Rxd8 22. Nf5 {[%emt 0:00:03] Black must now prevent b5.} Qg6 (22... Nf6 $1 $11 {keeps the balance.} 23. Qg3+ Kf8 24. Qg7+ Ke8) 23. b5 $1 $36 {[%emt 0:00:04][%mdl 2048] White is in control.} Qh5 24. h3 ({Of course not} 24. Qxg4+ Qxg4 25. Nh6+ Kf8 26. Nxg4 Na5 $11) 24... Nf6 25. Qxh5 ({Not} 25. bxc6 Qxf3 26. gxf3 bxc6 $14) (25. Qg3+ $1 $18 {has better winning chances.} Qg6 26. Qh4 (26. bxc6 Qxg3 27. Nxg3 bxc6 $15)) 25... Nxh5 26. bxc6 bxc6 $18 {[%emt 0:00:01][%mdl 4096] Endgame KRN-KRN} 27. Ne7+ Kg7 28. Nxc6 Rh8 29. Ne7 {[%emt 0:00:05] White is more active.} (29. a5 $16) 29... Nf4 30. Nf5+ Kf6 31. Rb1 Nd3 32. Rb7 Rc8 33. Ne3 Nc5 34. Nd5+ Ke6 (34... Kg5 $11 35. Ra7 Nxa4) 35. Rxc7 (35. Ra7 $1 $16) 35... Rxc7 $11 36. Nxc7+ $16 {[%emt 0:00:02] KN-KN} Kd7 37. Nd5 Nxe4 ({Black should try} 37... Nxa4 $15 38. h4 Nc5) 38. h4 Ng3+ $2 (38... a5 $11 {and Black is okay.}) 39. Kh2 $18 Nf5 (39... Ne4 40. h5 Ke8 41. Nc7+ Ke7) 40. h5 {[%emt 0:00:03] And now g4 would win.} Kc6 41. g4 Nh6 42. Ne7+ $2 (42. g5 $18 Nf5 43. h6) 42... Kc5 $2 (42... Kd7 $11 43. Nd5 Nxg4+ 44. Kg3 f5) 43. Nf5 $2 (43. g5 $18) 43... Nxg4+ $11 (43... Nxf5 44. gxf5 Kc6 45. h6 $18) 44. Kg3 Nf6 45. h6 {[%emt 0:00:01] aiming for Ne3.} Kxc4 46. Ne3+ Kxc3 $2 {[%emt 0:00:02][%mdl 8192] [#]} (46... Kd3 $11 47. Kf3 Nh7) 47. Nd5+ $1 $18 {[%emt 0:00:02][%mdl 576] Deflection, Promotion} Nxd5 {[%emt 0:00:02] KN-KPP} 48. h7 e4 49. h8=Q+ f6 50. Qc8+ Kd4 51. Qxa6 e3 52. Kf3 f5 53. Qe2 f4 54. Qb2+ Kc5 55. a5 Nb4 56. Qc3+ Kb5 57. Qc7 d5 58. Kxf4 e2 {[%emt 0:00:01] [#]} 59. Qe7 $2 ({Stronger than} 59. Qc3 e1=Q 60. Qxe1 Nd3+ 61. Kf5 Nxe1 $11) (59. Qb6+ $1 $18 Kc4 60. Qe3 Nd3+ 61. Kg3 e1=Q+ 62. Qxe1 Nxe1 63. a6) 59... Nc6 $2 (59... Nd3+ $11 60. Kf5 e1=Q 61. Qxe1 Nxe1) 60. Qxe2+ {[%emt 0:00:02] Weighted Error Value: White=0.59/Black=0.66} 1-0

[Event "Women Accentus DAQ Blitz 2022"]
[Site "Biel"]
[Date "2022.07.17"]
[Round "12.1"]
[White "Cornileau, Juliette"]
[Black "Keymer, Cecilia"]
[Result "1/2-1/2"]
[ECO "D13"]
[WhiteElo "1900"]
[BlackElo "1652"]
[Annotator "TA"]
[PlyCount "74"]
[EventDate "2022.07.17"]
[EventType "tourn"]
[EventCountry "SUI"]
[SourceTitle "playchess.com"]
[Source "ChessBase"]
[SourceQuality "1"]
[TimeControl "180+2"]

1. d4 d5 2. c4 c6 3. Nc3 Nf6 4. cxd5 cxd5 5. Nf3 Nc6 6. e3 Bg4 {[%emt 0:00:05] 6...a6 is becoming the main line.} 7. h3 {[%emt 0:00:02] D13: Slav Defence: Exchange variation without ...Bf5.} (7. Qb3 $5 ) 7... Bh5 (7... Bxf3 $5 8. Qxf3 e6 $11) 8. Be2 e6 9. O-O {[%emt 0:00:01] The position is equal.} a6 10. Qb3 (10. Ne5 $5 Bxe2 11. Nxe2 $11) 10... Qc7 {[%emt 0:00:06] [#]} 11. Na4 $146 ({Predecessor:} 11. Bd2 Bd6 12. Rfc1 O-O 13. Na4 b5 14. Nc5 Bxc5 15. Rxc5 Ne4 16. Rc2 Bxf3 17. Bxf3 Nxd2 18. Rxd2 {0-1 (64) Mamedjarova,Z (2349)-L'Ami,E (2531) Wijk aan Zee 2005}) 11... Bd6 12. Nb6 ({Better is} 12. Bd2 $15) 12... Rb8 $17 13. Na4 O-O 14. Bd2 Ne4 15. Rfd1 (15. Qd1 $15) 15... Nxd2 (15... Qe7 $17 16. Qc2 f5) 16. Rxd2 $15 Qe7 17. Rc1 Rfc8 18. Rdc2 Qd8 19. Nb6 $2 {[%emt 0:00:14] [#]} (19. Rc3 $11) 19... Rc7 $1 $17 {[%emt 0:00:03] ...Na5 is the strong threat.} 20. a3 $2 (20. Na4 $17) 20... Na5 $19 21. Qa4 Rxc2 22. Qxc2 Qxb6 23. Ne5 {[%emt 0:00:03] Black must now prevent Nd7.} Bxe5 24. Qc8+ Qd8 25. Qxd8+ Rxd8 26. Bxh5 Bd6 27. Be2 Nc6 28. Bxa6 bxa6 29. Rxc6 {[%emt 0:00:01][%mdl 4096] Endgame KRB-KR} g6 (29... a5 $142 {Threatens to win with ...Kf8.} 30. Kf1 Kf8) 30. Rxa6 Kg7 (30... Kf8 $19 31. b4 Ke7) 31. b4 {[%emt 0:00:02] [#]} Be7 (31... e5 $142 $1 32. Kf1 exd4 33. exd4 Be7) 32. Rc6 (32. b5 $17 {was worth a try.}) 32... Ra8 33. Rc7 Bd6 34. Rc6 Be7 35. Rc7 $1 Bd6 36. Rc6 Be7 37. Rc7 $1 Bd6 $2 {[%emt 0:00:01] Weighted Error Value: White=0.31/Black=0.46} (37... Kf6 $19 38. g4 h6) 1/2-1/2

[Event "Women Accentus DAQ Blitz 2022"]
[Site "Biel"]
[Date "2022.07.17"]
[Round "12.3"]
[White "Zhuang, Yongzhe"]
[Black "Moracchini, Margaux"]
[Result "0-1"]
[ECO "B14"]
[WhiteElo "1838"]
[BlackElo "1937"]
[Annotator "TA"]
[PlyCount "100"]
[EventDate "2022.07.17"]
[EventType "tourn"]
[EventCountry "SUI"]
[SourceTitle "playchess.com"]
[Source "ChessBase"]
[SourceQuality "1"]
[TimeControl "180+2"]

1. e4 c5 2. c3 g6 3. d4 cxd4 4. cxd4 d5 5. exd5 Nf6 6. Nf3 Bg7 7. Nc3 O-O 8. Bc4 Nbd7 9. O-O Nb6 10. Bb3 Nfxd5 11. h3 {[%emt 0:00:04] is the legacy move (11.Re1). B14: Caro-Kann: Panov-Botvinnik Attack with 5...e6 and 5...g6.} Bf5 12. Re1 Rc8 13. Bd2 {[%emt 0:00:10] White has an edge.} Nxc3 14. bxc3 Nc4 {[%emt 0:00:10] [#]} 15. Bg5 $146 ({Predecessor:} 15. Bxc4 Rxc4 16. Qe2 Rc7 17. Rac1 Qd5 18. Bf4 Rcc8 19. Qxe7 Bxh3 20. c4 {1-0 (46) Paci,P (1566)-Cellini,F (1527) Porto Sant Elpidio 2006}) 15... Re8 16. Qe2 Be6 17. Rad1 h6 18. Bc1 Bd5 19. Ne5 b5 20. a4 a6 21. axb5 axb5 22. Nd3 (22. Bxc4 $11 Bxc4 23. Nxc4 Rxc4 24. Rd3) 22... Qc7 (22... Nb6 $1 $15 23. Qb2 Na4 24. Bxa4 bxa4) 23. Nb4 Bb7 24. Qg4 e6 25. Bf4 Qb6 26. Qg3 Na5 27. Bc2 Nc4 28. Bd3 Nb2 29. Rc1 Nxd3 30. Nxd3 Bd5 31. Ne5 Qb7 32. Ng4 Kh7 {[%emt 0:00:02][%mdl 8192] [#]} (32... h5 $11 {and Black stays safe.} 33. Ne3 b4) 33. Be5 $2 ({Only move:} 33. Bxh6 $1 $18 Qe7 (33... Rf8 34. Bxg7) 34. Bxg7 Kxg7 35. Qe3) 33... f5 34. Nf6+ (34. Bxg7 $14 {was preferrable.} fxg4 35. Be5) 34... Bxf6 $11 35. Bxf6 Qc7 36. Be5 Qf7 37. Rcd1 g5 38. h4 (38. Ra1 $11 {keeps the balance.}) 38... f4 (38... gxh4 $17 39. Qe3 h3 40. Qxh3 Rg8) 39. Qd3+ Qg6 40. hxg5 Qxd3 41. Rxd3 {[%emt 0:00:02] Strongly threatening Rh3.} hxg5 42. Rh3+ Kg6 43. Rd3 {[%emt 0:00:07] Prevents f3.} (43. Rb1 $15) 43... Ra8 44. f3 (44. Rdd1 $17) 44... Ra2 $19 45. Rdd1 {[%emt 0:00:02] [#]} Rc2 (45... Rea8 $1 $19 {and Black stays clearly on top. ...Kh5 is the strong threat.} 46. Rb1 g4 47. Rxb5 (47. Bxf4 $2 gxf3 48. gxf3 Kf5 $19) 47... Rc2) 46. Rc1 $17 Ra2 {[%emt 0:00:03] Black is more active.} ({Black should play} 46... Rd2 $17) 47. Bd6 (47. Rcd1 $1 $11 {was the only way to keep the balance.}) 47... Rea8 {[%emt 0:00:02][%cal Og5g4] Threatens to win with ...g4!} 48. Bb4 $2 (48. Rb1 $17 {was necessary.}) 48... Rd2 $2 ({Better is} 48... g4 $1 $19 49. c4 bxc4) 49. Kh1 $2 {[%emt 0:00:08][%mdl 8192] [#]} (49. c4 $1 $11 {and White has nothing to worry.} Rxd4 50. cxd5 Rxb4 51. Rxe6+ Kh5 52. d6) 49... Rh8+ $2 (49... Rb2 $1 $19 {has better winning chances.} 50. Rb1 Rc2) 50. Kg1 Rb2 {[%emt 0:00:02] Weighted Error Value: White=0.52/Black=0.55} 0-1

[Event "Women Accentus DAQ Blitz 2022"]
[Site "Biel"]
[Date "2022.07.17"]
[Round "12.4"]
[White "Tamrazyan, Gohar"]
[Black "Ciarletta, Iris"]
[Result "0-1"]
[ECO "D00"]
[WhiteElo "1916"]
[BlackElo "1717"]
[Annotator "TA"]
[PlyCount "88"]
[EventDate "2022.07.17"]
[EventType "tourn"]
[EventCountry "SUI"]
[SourceTitle "playchess.com"]
[Source "ChessBase"]
[SourceQuality "1"]
[TimeControl "180+2"]

1. d4 Nf6 2. Nc3 d5 3. Bf4 e6 4. Nb5 Na6 5. e3 Bd7 6. Nf3 {[%emt 0:00:13] D00: 1 d4 d5: Unusual lines.} c6 7. Nc3 {[%emt 0:00:01] [#]} Nc7 $146 ({Predecessor:} 7... Nh5 8. Bd3 b6 9. Bxa6 Bb4 10. Bd3 a6 11. O-O c5 12. Ne2 b5 13. dxc5 Bxc5 {0-1 (52) Salinas,E (723)-Newton,D (503) LSS email 2014}) 8. Ne5 {[%emt 0:00:13] White is slightly better.} Bb4 9. Bd3 Nb5 10. Qd2 (10. O-O $1 $14) 10... Ne4 (10... Nh5 $11) 11. Bxe4 $14 dxe4 12. a3 Bxc3 13. bxc3 f6 14. Nc4 O-O 15. O-O ({White should play} 15. a4 $16 Nc7 16. Nd6) 15... Nc7 (15... e5 $1 $15 16. Bg3 Be6) 16. Nd6 $16 f5 $2 (16... b6 $16) 17. Nxb7 $18 Qc8 18. Nc5 Nd5 19. Bd6 Rd8 (19... Rf7 $142 20. Rab1 Nb6) 20. c4 Nb6 21. Qb4 Be8 22. Be5 Bf7 23. a4 Nd7 24. Nxd7 {[%emt 0:00:06] [#] Black must now prevent Nc5.} Rxd7 25. Rfd1 Rb7 26. Qc5 h6 27. Rab1 a6 (27... Bh5 $142) 28. Rb3 (28. a5 $142) 28... Raa7 29. Rdb1 Rxb3 30. cxb3 Rb7 31. Qa3 Qd7 32. b4 g5 (32... Be8 $142 33. Qb2 Bh5) 33. b5 axb5 34. axb5 cxb5 35. Qa8+ (35. h3 $18 {has better winning chances.}) 35... Kh7 $2 {[%emt 0:00:07][%mdl 8192] [#]} (35... Be8 $16) 36. Qh8+ Kg6 37. Qg7+ (37. Bg7 $142 f4 38. Qxh6+ Kf5 39. Bf6 e5 40. Qxg5+ Ke6 41. Qxe5#) 37... Kh5 38. h3 (38. Rxb5 $142 Ra7 39. h3) 38... bxc4 $2 (38... Be8 $18) 39. Rf1 $2 (39. Rxb7 {mates} Qxb7 40. Bd6 Qb1+ 41. Kh2 Bg6 42. Bf8 Qb8+ 43. g3 Qxf8 44. Qxf8) 39... Bg6 $2 (39... Be8 $1 $11 40. g4+ fxg4 41. hxg4+ Kxg4 42. Qxh6 Qh7 43. Qxe6+ Kf3) 40. Qh8 $2 (40. g4+ $1 $18 fxg4 41. hxg4+ Kxg4 42. Qxg6) 40... Qe8 $11 41. g4+ $2 (41. Qf6 $11) 41... fxg4 $19 42. hxg4+ Kxg4 43. Qxh6 $2 (43. Qf6 Bf5 44. Kg2 (44. Qxh6 $2 Rh7 $19)) 43... Rh7 44. f3+ exf3 {[%emt 0:00:05] Quite a comeback for Black.  Weighted Error Value: White=1.19/Black=0.90} 0-1

[Event "Women Accentus DAQ Blitz 2022"]
[Site "Biel"]
[Date "2022.07.17"]
[Round "13.1"]
[White "Tamrazyan, Gohar"]
[Black "Cornileau, Juliette"]
[Result "0-1"]
[ECO "D00"]
[WhiteElo "1916"]
[BlackElo "1900"]
[Annotator "TA"]
[PlyCount "80"]
[EventDate "2022.07.17"]
[EventType "tourn"]
[EventCountry "SUI"]
[SourceTitle "playchess.com"]
[Source "ChessBase"]
[SourceQuality "1"]
[TimeControl "180+2"]

1. d4 {[%emt 0:00:01] Marin,M} Nf6 2. Nc3 d5 3. Bf4 e6 4. Nb5 Na6 5. e3 c6 6. Nc3 {[%emt 0:00:01] D00: 1 d4 d5: Unusual lines.} Nc7 7. a3 Bd6 {[%emt 0:00:04] [#]} 8. Nh3 $146 {[%emt 0:00:11] The position is equal.} ({Predecessor:} 8. Nf3 Bxf4 9. exf4 Qd6 10. Ne5 b6 11. Qf3 c5 12. Nb5 Nxb5 13. Bxb5+ Bd7 14. Nxd7 Nxd7 {1-0 (42) Jobava,B (2665)-Topalov,V (2768) Baku 2016 CBM 175 [Marin,M]}) 8... O-O 9. Bd3 Re8 10. O-O (10. Be5 {looks sharper.} c5 11. Ng5 h6 12. Nf3) 10... Qe7 11. Kh1 e5 12. dxe5 Bxe5 13. Bxe5 Qxe5 14. Nf4 $2 {[%emt 0:00:07] [#]} (14. Ng1 $15) 14... d4 $1 $19 ({Inferior is} 14... g5 15. Nh5 $11) 15. Nce2 dxe3 16. fxe3 Qxe3 (16... Ng4 $19 17. Qd2 Nxe3) 17. Rf3 (17. Nc3 $17) 17... Qc5 ({Better is} 17... Qe5 $19 {White must now prevent ...g5.} 18. Qd2 Qxb2) 18. h3 Be6 {[%emt 0:00:19] Black is more active.} 19. Nxe6 Nxe6 ({And not} 19... fxe6 20. Ng3 $15) ({Not} 19... Rxe6 20. Nd4 $15) 20. Nf4 (20. b4 $17 Qe5 21. Rf5) 20... Ng5 21. Rg3 (21. Rf1 {keeps fighting.}) 21... Nge4 22. Bxe4 Nxe4 23. Rf3 Nf2+ 24. Rxf2 Qxf2 25. Nd3 Qg3 26. Qf3 (26. Qd2 $142) 26... Qxf3 27. gxf3 {[%emt 0:00:01][%mdl 4096] Endgame KRR-KRN} Re2 28. Rc1 Rae8 29. f4 f6 30. b4 R8e3 31. Nc5 Rxh3+ 32. Kg1 b6 33. Nd3 Rhh2 34. a4 Rhg2+ 35. Kf1 Rxc2 36. Rxc2 Rxc2 37. a5 bxa5 (37... Rd2 $142 38. Ne1 Rd4 39. axb6 axb6 40. Ke2 Re4+ 41. Kf2 {[#]} Rxe1 $1 42. Kxe1 h5 43. Kf2 h4 44. Kg2 c5 45. Kf3 cxb4 46. Ke4 h3 47. Kf3 b3 48. Kg3 b2 49. Kxh3 b1=Q 50. Kg2 Qd3 51. Kh2 b5 52. f5 b4 53. Kg2 b3 54. Kh2 b2 55. Kg2 b1=Q 56. Kh2 Qbc2+ 57. Kh1 Qf1#) 38. bxa5 {[%emt 0:00:01] Black is clearly winning.} Ra2 39. Nb4 Rxa5 40. Nxc6 Ra4 {[%emt 0:00:05] Weighted Error Value: White=0.57/Black=0.12 (very precise)} 0-1